 Dungeon Crawl Stone Soup version 0.29.1-12-g30fa7ad0bf (webtiles) character file.

Game seed: 18127108953733543657

215 KittyFluff the Shield-Bearer (level 5, -5/33 HPs)
             Began as a Gargoyle Fighter on Dec 30, 2022.
             Slain by Edmund
             ... wielding a +2 dire flail of protection
              (10 damage)
             ... on level 4 of the Dungeon.
             The game lasted 00:16:28 (3363 turns).

KittyFluff the Shield-Bearer (Gargoyle Fighter)     Turns: 3363, Time: 00:16:28

Health: -5/33      AC: 12    Str: 20    XL:     5   Next: 92%
Magic:  5/5        EV:  9    Int:  8    God:
Gold:   227        SH:  4    Dex: 11    Spells: 4/4 levels left

rFire   . . .      SeeInvis .   a - +0 flail
rCold   . . .      Faith    .   c - +0 buckler
rNeg    + . .      Spirit   .   b - +0 scale mail
rPois   ∞          Reflect  .   (no helmet)
rElec   +          Harm     .   (no cloak)
rCorr   .          Rampage  .   (no gloves)
Will    .....                   l - +0 pair of boots
Stlth   ..........              (no amulet)
HPRegen 0.11/turn               B - +4 ring of slaying
MPRegen 0.09/turn               (no ring)

@: no status effects
A: sickness immunity, AC +4, negative energy resistance 1, electricity
resistance, torment resistance 1, petrification resistance
a: no special abilities


You were on level 4 of the Dungeon.
You visited 2 branches of the dungeon, and saw 5 of its levels.

You collected 227 gold pieces.

Inventory:

Hand Weapons
 a - a +0 flail (weapon)
Missiles
 e - a throwing net
 h - 2 poisoned darts (quivered)
 s - 19 stones
Armour
 b - a +0 scale mail (worn)
 c - a +0 buckler (worn)
 l - a +0 pair of boots (worn)
Jewellery
 k - an amulet of faith
 x - a ring of flight
 B - a +4 ring of slaying (left hand)
Wands
 w - a wand of polymorph (5)
 y - a wand of flame (22)
Scrolls
 f - a scroll of blinking {unknown}
 i - 4 scrolls of teleportation {unknown}
 j - a scroll of vulnerability {unknown}
 m - 2 scrolls of poison {unknown}
 v - a scroll of magic mapping {unknown}
 z - 2 scrolls of immolation {unknown}
 A - a scroll of brand weapon {unknown}
Potions
 d - a potion of might
 g - a potion of degeneration
 n - a potion of curing
 o - a potion of attraction
 p - a potion of magic
 q - a potion of invisibility
 r - a potion of haste
 t - a potion of resistance {unknown}
 u - a potion of berserk rage {unknown}
 C - a potion of brilliance {unknown}


   Skills:
 + Level 4.1 Fighting
 + Level 4.0 Maces & Flails
 + Level 4.1 Armour
 + Level 0.8 Dodging
 + Level 4.2 Shields
 + Level 0.6 Unarmed Combat


You had 4 spell levels left.
You didn't know any spells.
Your spell library was empty.

Dungeon Overview and Level Annotations

Branches:
Dungeon (4/15)             Temple (1/1) D:4

Altars:
Ashenzari
Cheibriados
Dithmenos
Elyvilon
Fedhas
Hepliaklqana
Kikubaaqudgha
Makhleb
Nemelex Xobeh
Okawaru
Sif Muna
Uskayaw
Vehumet
The Shining One

Annotations:
D:4 Edmund


Innate Abilities, Weirdness & Mutations

You are immune to sickness and miasma.
Your stone body is resilient. (AC +4)
You are immune to poison.
You resist negative energy. (rN+)
You are resistant to electric shocks. (rElec)
You are resistant to unholy torment.
You are immune to petrification.


Message History

Edmund the Younger comes into view.
He is wielding a +2 dire flail of protection.
Edmund shouts!
You block Edmund's attack.
You hit Edmund but do no damage.
Edmund hits you with a +2 dire flail of protection.
You sock Edmund!
Edmund is moderately wounded.
You block Edmund's attack.
Edmund hits you with a +2 dire flail of protection!
You sock Edmund!
Edmund is heavily wounded.
Edmund hits you with a +2 dire flail of protection.
You hit Edmund.
Edmund is severely wounded.
You block Edmund's attack.
You hit Edmund.
Edmund is severely wounded.
You block Edmund's attack.
You barely miss Edmund.
Edmund is severely wounded.
Edmund hits you but does no damage. x2
You hit Edmund but do no damage.
Edmund is severely wounded.
Edmund hits you but does no damage.
You hit Edmund.
Edmund is severely wounded.
You block Edmund's attack.
You hit Edmund but do no damage.
Edmund is severely wounded.
Edmund hits you with a +2 dire flail of protection!
* * * LOW HITPOINT WARNING * * *
You feel better.
Edmund hits you with a +2 dire flail of protection.
* * * LOW HITPOINT WARNING * * *
You hit Edmund.
Edmund is almost dead.
Edmund hits you with a +2 dire flail of protection.
* * * LOW HITPOINT WARNING * * *
Edmund hits you with a +2 dire flail of protection!
You die...

8...8.............#
#8.8#.............#
##................##
###...............#
#####...........###
. ####..........#..
###.#.###.....
##..#......#
#...@@....#
###..#....# ####
#...# ..# #


You could see Edmund.

Vanquished Creatures
  Ijyb (D:3)
  3 orc wizards (D:3)
  Terence (D:2)
  4 adders
  3 worms
  5 orcs (D:3)
  7 bats
  4 endoplasms
  9 goblins
  4 hobgoblins
  4 quokkas
  4 ball pythons (D:2)
  2 frilled lizards (D:1)
  7 kobolds
  6 rats
64 creatures vanquished.

Vanquished Creatures (others)
  An orc wizard (D:3)
1 creature vanquished.

Grand Total: 65 creatures vanquished

Notes
Turn   | Place    | Note
-------+----------+-------------------------------------------
     0 | D:1      | KittyFluff the Gargoyle Fighter began the quest for the
                  | Orb.
     0 | D:1      | Reached XP level 1. HP: 14/14 MP: 1/1
   101 | D:1      | Reached XP level 2. HP: 4/19 MP: 2/2
   702 | D:2      | Reached XP level 3. HP: 24/24 MP: 3/3
   923 | D:2      | Found a radiant altar of Vehumet.
  1003 | D:2      | Noticed Terence
  1015 | D:2      | Killed Terence
  1016 | D:2      | Reached XP level 4. HP: 11/29 MP: 4/4
  1720 | D:3      | HP: 1/29 [something/puff of flame (13)]
  1742 | D:3      | Reached XP level 5. HP: 5/33 MP: 5/5
  2009 | D:3      | Found a glowing golden altar of the Shining One.
  2028 | D:3      | Noticed Ijyb
  2048 | D:3      | Killed Ijyb
  3091 | D:4      | Found a staircase to the Ecumenical Temple.
  3119 | Temple   | Entered the Ecumenical Temple
  3351 | D:4      | Noticed Edmund
  3363 | D:4      | Slain by Edmund

Illustrated notes

Levels and vault maps discovered:
D:1:      scummos_arrival_hexagon, layout_rooms
D:2:      layout_loops_ring, basic_altar, uniq_terence
D:3:      layout_loops_ring, mainiacjoe_overflow_small_starburst,
          kennysheep_cluttered_room, roderic_lattice_a, uniq_ijyb
D:4:      layout_cave_pools, minmay_temple_entry_statues, uniq_eustachio,
          uniq_edmund
Temple:   nicolae_temple_slightly_damp_pantheon

Skill      XL: |  1  2  3  4  5 |
---------------+----------------+-----
Fighting       | 4 |  4.1
Maces & Flails | 3 4 |  4.0
Shields        | 4 |  4.2
Armour         | 4 |  4.1
Dodging        | |  0.8
Unarmed Combat | |  0.6

Action                   |  1- 3 |  4- 6 || total
-------------------------+-------+-------++-------
Melee: Flail             |    91 |   144 ||   235
       Unarmed           |       |    20 ||    20
  Use: Scroll            |     1 |     5 ||     6
       Potion            |       |     2 ||     2
Armor: Scale mail        |    60 |    82 ||   142
       Skin              |       |     2 ||     2
Dodge: Dodged            |    56 |    45 ||   101
Block: Buckler           |    24 |    34 ||    58
